 Dungeon Crawl Stone Soup version 0.27-a0-457-gba82baf56e (webtiles) character file.

Game seed: 12361809720497453988

100 Allula97 the Skirmisher (level 4, 0/35 HPs)
             Began as a Demonspawn Fighter on Feb 28, 2021.
             Slain by an orc wizard
             ... wielding a +0 dagger
              (1 damage)
             ... on level 3 of the Dungeon.
             The game lasted 00:03:24 (2355 turns).

Allula97 the Skirmisher (Demonspawn Fighter)        Turns: 2355, Time: 00:03:24

Health: 0/35       AC:  6    Str: 17    XL:     4   Next: 47%
Magic:  4/4        EV:  7    Int: 10    God:
Gold:   89         SH:  9    Dex: 14    Spells: 3/3 levels left

rFire    . . .     SeeInvis .   a - +0 long sword
rCold    . . .     Faith    .   c - +0 kite shield
rNeg     . . .     Spirit   .   b - +0 scale mail
rPois    .         Reflect  .   (no helmet)
rElec    .         Harm     .   (no cloak)
rCorr    .         Rampage  .   (no gloves)
Will     .....                  (no boots)
Stlth    +.........             (no amulet)
HPRegen  0.11/turn              (no ring)
MPRegen  0.09/turn              (no ring)

@: mighty, flying
A: thin skeletal structure 1
a: no special abilities


You were on level 3 of the Dungeon.
You visited 1 branch of the dungeon, and saw 3 of its levels.

You collected 89 gold pieces.

Inventory:

Hand Weapons
 a - a +0 long sword (weapon)
Armour
 b - a +0 scale mail (worn)
 c - a +0 kite shield (worn)
Jewellery
 k - a ring of resist corrosion
Scrolls
 f - a scroll of fear {unknown}
 g - a scroll of enchant armour {unknown}
 h - a scroll of amnesia {unknown}
 i - a scroll of fog {unknown}
 l - 2 scrolls of identify {unknown}
 n - a scroll of magic mapping {unknown}
Potions
 d - a potion of might
 j - a potion of lignification


   Skills:
 * Level 3.3 Fighting
 * Level 2.5 Long Blades
 * Level 3.3 Armour
 * Level 0.8 Dodging
 * Level 1.0 Stealth
 * Level 3.1 Shields


You had 3 spell levels left.
You didn't know any spells.
Your spell library was empty.

Dungeon Overview and Level Annotations

Branches:
Dungeon (3/15)

Altars:


Innate Abilities, Weirdness & Mutations

You have a somewhat thin skeletal structure. (Dex +2, Stealth)


Message History

The orc hits you with a +0 dagger. The orc hits you but does no damage.
You barely miss the orc. Something hits you but does no damage.
The orc hits you with a +0 dagger. The orc hits you but does no damage.
Something hits you but does no damage.
You hit the orc.
The orc is almost dead.
You feel less invigorated.
You feel less confused.
The orc hits you but does no damage. x2; Something hits you.
A bat comes into view.
The orc hits you but does no damage.
You slash the orc!
You kill the orc!
You block the bat's attack.
You hear some strange, mumbled words.
A puff of flame appears from out of thin air!
The puff of flame hits you! The orc hits you with a +0 dagger.
You hear some strange, mumbled words.
A puff of flame appears from out of thin air!
The puff of flame hits you!
* * * LOW HITPOINT WARNING * * *
You block the bat's attack.
You slash the orc!
You kill the orc!
You block the bat's attack. The bat hits you but does no damage.
The bat hits you.
* * * LOW HITPOINT WARNING * * *
Something completely misses you. You block the bat's attack.
Something hits you but does no damage.
You slash something! The bat barely misses you.
The bat hits you but does no damage. The bat barely misses you.
You block something's attack. The bat hits you.
* * * LOW HITPOINT WARNING * * *
The bat hits you but does no damage.
Your scale mail prevents you from hitting something.
The bat hits you but does no damage. The bat hits you.
* * * LOW HITPOINT WARNING * * *
The bat hits you but does no damage. Something hits you but does no damage.
The bat barely misses you. Something hits you.
You die...

#.....# #.....##
#...... #.....#
## .....##...
.......#.
#........
######@##
#....{b)#
#.....b<#
#.......#
#..............
#...........#...
#..........##
..........#+
....#.#..##


You could see 2 bats.

Vanquished Creatures
  5 adders (D:2)
  An ooze (D:2)
  2 dart slugs
  2 leopard geckos (D:2)
  2 orcs (D:3)
  A giant cockroach (D:1)
  2 goblins
  4 hobgoblins
  3 jackals (D:2)
  A quokka (D:2)
  7 bats
  5 frilled lizards
  8 kobolds
  4 rats
47 creatures vanquished.

Notes
Turn   | Place    | Note
-------+----------+-------------------------------------------
     0 | D:1      | Allula97 the Demonspawn Fighter began the quest for the
                  | Orb.
     0 | D:1      | Reached XP level 1. HP: 18/18 MP: 1/1
   229 | D:1      | Gained mutation: You have a somewhat thin skeletal
                  | structure. (Dex +2, Stealth) [demonic ancestry]
   229 | D:1      | Reached XP level 2. HP: 24/24 MP: 2/2
   962 | D:2      | Reached XP level 3. HP: 23/29 MP: 3/3
  1276 | D:2      | Reached XP level 4. HP: 16/35 MP: 4/4
  1563 | D:2      | Reached skill level 1 in Stealth
  2355 | D:3      | HP: 1/35 [bat (1)]
  2355 | D:3      | Slain by an orc wizard

Illustrated notes

Levels and vault maps discovered:
D:1:      dpeg_arrival_houses_and_road, layout_loops_ring
D:2:      layout_basic, grunt_ministairs_6
D:3:      layout_loops_ring, nemelex_diamond_rough_becter,
          uniq_crazy_yiuf_cottage, uniq_robin, uniq_sigmund, uniq_jessica

Skill      XL: |  1  2  3  4 |
---------------+-------------+-----
Armour         | 3 |  3.3
Long Blades    | 2 |  2.5
Shields        | 3 |  3.1
Stealth        | 1 |  1.0
Fighting       | |  3.3
Dodging        | |  0.8

Action                   |  1- 3 |  4- 6 || total
-------------------------+-------+-------++-------
Melee: Long sword        |   110 |    66 ||   176
  Use: Potion            |     1 |     3 ||     4
Armor: Scale mail        |    56 |    77 ||   133
       Skin              |    21 |       ||    21
Dodge: Dodged            |    50 |    31 ||    81
Block: Kite shield       |    73 |    62 ||   135
       Rpst.: Long sword |    14 |     6 ||    20

Table legend: (Time is in decaauts)
 A = Elapsed time spent in this place.
 B = Non-inter-level travel time spent in this place.
 C = Inter-level travel time spent in this place.
 D = Time resting spent in this place.
 E = Time spent auto-exploring this place.
 F = Levels seen in this place.
 G = Mean time per level.
                   A        B        C        D        E       F      G
               +--------+--------+--------+--------+--------+-----+--------+
         Total |   2448 |   2405 |     43 |    215 |   1634 |   3 |  816.0 |
       Dungeon |   2448 |   2405 |     43 |    215 |   1634 |   3 |  816.0 |
               +--------+--------+--------+--------+--------+-----+--------+

Top non-repeatable levels by time:
     D:2: 1534 daAuts
     D:1: 870 daAuts
     D:3: 43 daAuts
